 Dungeon Crawl Stone Soup version 0.22-a0-608-g8a62e23 (webtiles) character file.

166 Joshtr2000 the Firebug (level 5, -1/38 HPs)
             Began as a Draconian Fire Elementalist on July 10, 2018.
             Slain by an orc priest
             ... wielding a +0 mace of protection
              (3 damage)
             ... on level 3 of the Dungeon.
             The game lasted 00:22:43 (3227 turns).

Joshtr2000 the Firebug (DrFE)                       Turns: 3227, Time: 00:22:43

Health: -1/38      AC:  5    Str: 10    XL:     5   Next: 22%
Magic:  6/9        EV: 12    Int: 16    God:
Gold:   184        SH:  0    Dex: 12    Spells: 3/9 levels left

rFire    . . .     SeeInvis .   (no weapon)
rCold    . . .     Gourm    .   (no shield)
rNeg     . . .     Faith    .   (armour unavailable)
rPois    .         Spirit   .   (helmet restricted)
rElec    .         Reflect  .   (no cloak)
rCorr    .         Harm     .   (no gloves)
MR       .....                  (no boots)
Stlth    ++........             (no amulet)
HPRegen  0.12/turn              (no ring)
MPRegen  0.11/turn              (no ring)

@: lethally poisoned (-1 -> -19)
A: unfitting armour, cold-blooded, AC +5
a: no special abilities


You were on level 3 of the Dungeon.
You were not hungry.

You visited 1 branch of the dungeon, and saw 3 of its levels.

You collected 184 gold pieces.

Inventory:

Hand Weapons
 k - a +0 blowgun
Missiles
 c - 3 javelins (quivered)
 l - 13 poisoned needles
Armour
 j - a +1 large shield of fire resistance
Scrolls
 e - 3 scrolls of identify
 f - 3 scrolls of remove curse
Potions
 g - a potion of haste
 h - a potion of heal wounds
Comestibles
 b - 7 rations


   Skills:
 + Level 2.4 Dodging
 + Level 2.4 Stealth
 - Level 0.4 Unarmed Combat
 + Level 2.8 Spellcasting
 + Level 2.2 Conjurations
 + Level 4.3 Fire Magic


You had 3 spell levels left.
You knew the following spells:

 Your Spells              Type           Power        Failure   Level  Hunger
a - Flame Tongue          Conj/Fire      ##...        4%          1    #......
b - Throw Flame           Conj/Fire      ##....       8%          2    ##.....
c - Conjure Flame         Conj/Fire      ##......     16%         3    ###....

Your spell library contained the following spells:

 Spells                   Type           Power        Failure   Level  Hunger
 Fireball                 Conj/Fire      ##........   80%         5    ######.
 Sticky Flame             Conj/Fire      ##......     45%         4    #####..
 Inner Flame              Hex/Fire       #.......     24%         3    ###....


Dungeon Overview and Level Annotations

Branches:
Dungeon (3/15)

Altars:
Fedhas
Hepliaklqana
Vehumet


Innate Abilities, Weirdness & Mutations

Your plain brown scales are hard. (AC +5)
You cannot fit into any form of body armour.
You are cold-blooded and may be slowed by cold attacks.


Message History

The orc is poisoned.
The orc hits you with a trident.
You completely miss the orc.
The orc is heavily wounded.
You feel sick.
The orc dies!
The orc priest barely misses you.
The kobold shoots a poisoned needle.
The poisoned needle hits you.
You are more poisoned.
You hit the orc priest but do no damage.
* * * LOW HITPOINT WARNING * * *
You feel sick.
The kobold shoots a poisoned needle.
The poisoned needle misses you.
The orc priest hits you with a mace of protection!
* * * LOW HITPOINT WARNING * * *
You hit the orc priest but do no damage.
* * * LOW HITPOINT WARNING * * *
You feel sick.
The kobold shoots a poisoned needle.
The poisoned needle closely misses you.
The orc priest hits you with a mace of protection.
You die...

#......####.## ##.......###..
....<<.# #..# ###.)o...## #..
.#...#...###.# #.##.÷##....
.#.#...#.......#####....#♣÷)≈.###
.............K.(@).((##..≈≈≈≈.# #
.............####o....#...P≈≈♣#
.............# #..##.....#.##
#............# #..........g##
#.#.........#####...#####....##
#.#....#....#.............##..###
..#.....(........................
................##...####.###..##
.....#........#................#


You could see an orc priest and a kobold.

Vanquished Creatures
  9 adders
  2 oozes (D:1)
  A worm (D:2)
  2 dart slugs
  3 orcs
  6 giant cockroaches
  7 goblins
  9 hobgoblins
  A ball python (D:2)
  7 bats
  2 frilled lizards
  12 kobolds
  10 rats
71 creatures vanquished.

Vanquished Creatures (others)
  An orc (D:3)
1 creature vanquished.

Grand Total: 72 creatures vanquished

Notes
Turn   | Place    | Note
-------+----------+-------------------------------------------
     0 | D:1      | Joshtr2000 the Draconian Fire Elementalist began the quest for the Orb.
     0 | D:1      | Reached XP level 1. HP: 14/14 MP: 3/3
   454 | D:1      | Reached XP level 2. HP: 20/20 MP: 0/5
   497 | D:1      | Learned a level 2 spell: Throw Flame
   906 | D:1      | Reached XP level 3. HP: 25/26 MP: 3/6
   992 | D:1      | Learned a level 3 spell: Conjure Flame
  1427 | D:2      | Reached skill level 4 in Fire Magic
  1738 | D:2      | Reached XP level 4. HP: 27/33 MP: 1/7
  2250 | D:3      | Found a radiant altar of Vehumet.
  2381 | D:3      | Found a hazy altar of Hepliaklqana.
  2522 | D:3      | Reached XP level 5. HP: 23/38 MP: 4/9
  2564 | D:3      | HP: 1/38 [poisoned by an adder]
  2949 | D:3      | Found a blossoming altar of Fedhas.
  3227 | D:3      | Slain by an orc priest

Vault maps used:
D:1:      dpeg_arrival_prison, serial_forest, infiniplex_forest_lined_2,
          infiniplex_forest_lined_ring, infiniplex_forest_lined_corner,
          infiniplex_forest_end_double, infiniplex_forest_end_1,
          infiniplex_forest_lined_1, infiniplex_forest_lined_1,
          infiniplex_forest_straight_3, minmay_heptomino_w4
D:2:      serial_bayou_pond_a
D:3:      nicolae_overflow_crystal_walls, lemuel_crystal_altar,
          lemuel_crystal_altar, serial_bayou_pond_e

Skill      XL: |  1  2  3  4 |
---------------+-------------+-----
Fire Magic     | 4 |  4.3
Dodging        | 2 |  2.4
Stealth        | 2 |  2.4
Conjurations   | 2 |  2.2
Unarmed Combat | |  0.4
Spellcasting   | |  2.8

Action                   |  1- 3 |  4- 6 || total
-------------------------+-------+-------++-------
Melee: Unarmed           |    92 |    40 ||   132
       Tailslap          |    13 |       ||    13
Throw: Javelin           |     2 |     5 ||     7
 Cast: Flame Tongue      |    59 |    46 ||   105
       Throw Flame       |     9 |    10 ||    19
       Conjure Flame     |     2 |       ||     2
  Use: Scroll            |       |     8 ||     8
       Potion            |       |     2 ||     2
 Stab: Sleeping          |     1 |     1 ||     2
  Eat: Chunk             |     1 |     6 ||     7
       Ration            |     1 |       ||     1
Armor: Skin              |    19 |    28 ||    47
Dodge: Dodged            |    70 |    69 ||   139

Table legend:
 A = Spawn XP
 B = Non-spawn XP
 C = Spawn XP percentage of total XP
 D = Spawn monster count
 E = Non-spawn monster count
 F = Spawn count percentage of total count
 G = Total turns spent on level
                    A         B        C        D         E        F      G
               +---------+---------+-------+---------+---------+-------+---------
         Total |       0 |     238 |   0.0 |       0 |      72 |   0.0 |  3227
               +---------+---------+-------+---------+---------+-------+---------
           D:1 |       0 |      74 |   0.0 |       0 |      38 |   0.0 |  1412
           D:2 |       0 |      84 |   0.0 |       0 |      14 |   0.0 |  1311
           D:3 |       0 |      80 |   0.0 |       0 |      20 |   0.0 |   504
               +---------+---------+-------+---------+---------+-------+---------
